 Dungeon Crawl Stone Soup version 0.18.1-48-g4cf74bf (webtiles) character file.

560 Gargoyl the Covered (level 7, 0/55 HPs)
             Began as a Demonspawn Abyssal Knight on July 13, 2016.
             Was a Priest of Lugonu.
             Slain by Blork the orc
             ... wielding a +1 battleaxe of electrocution
              (17 damage)
             ... on level 4 of the Dungeon.
             The game lasted 00:10:17 (4598 turns).

Gargoyl the Covered (Demonspawn Abyssal Knight)     Turns: 4598, Time: 00:10:18

Health: 0/55       AC: 23    Str: 13 (15) XL:     7   Next: 9%
Magic:  9/9        EV:  6    Int: 13      God:    Lugonu [***...]
Gold:   108        SH:  0    Dex: 10 (12) Spells: 0 memorised, 6 levels left

rFire  . . .     SeeInvis .     e - +0 glaive (freeze)
rCold  . . .     Gourm    .     b - +10 plate armour {ponderous}
rNeg   . . .     Faith    .     (shield currently unavailable)
rPois  .         Spirit   .     (no helmet)
rElec  .         Dismiss  .     (no cloak)
rCorr  .         Reflect  .     i - +0 pair of gloves
SustAt .         Harm     .     (no boots)
MR     .....     Rnd*Rage +     (no amulet)
Stlth  ..........               (no ring)
                                (no ring)

@: slow, not resistant to hostile enchantments, extremely unstealthy
A: claws 1, talons 1, repulsion field 1, berserk 1, demonic guardian 1,
deterioration 1, rot immunity
a: Depart the Abyss, Bend Space, Banish, Renounce Religion


You were on level 4 of the Dungeon.
You worshipped Lugonu.
Lugonu was most pleased with you.
You were not hungry.

You visited 1 branch of the dungeon, and saw 4 of its levels.
You visited the Abyss 1 time.

You collected 108 gold pieces.

Inventory:

Hand Weapons
 a - a +1 hand axe
 e - a +0 glaive of freezing (weapon)
 p - a cursed -1 war axe
Missiles
 j - 5 javelins (quivered)
Armour
 b - a +10 plate armour of ponderousness (worn)
 i - a +0 pair of gloves (worn)
Scrolls
 d - 7 scrolls of identify
 f - 2 scrolls of teleportation
 h - 2 scrolls of recharging
 k - a scroll of remove curse
 m - a scroll of enchant weapon {unknown}
 n - 3 scrolls of magic mapping {unknown}
Books
 g - a book of Spatial Translocations

   Spells                             Type                      Level
   a - Apportation                    Translocation                1
   b - Blink                          Translocation                2
   c - Shroud of Golubria             Charms/Translocation         2
   d - Portal Projectile              Translocation                3
   e - Teleport Other                 Translocation                3
   f - Passage of Golubria            Translocation                4
Comestibles
 c - 2 bread rations
 o - a beef jerky


   Skills:
 + Level 4.5 Fighting
 + Level 2.0(2.6) Axes
 + Level 2.4(2.8) Polearms
 * Level 4.8 Armour
 + Level 2.4 Dodging
 + Level 0.6 Stealth
 + Level 2.8 Invocations


You had 6 spell levels left.
You didn't know any spells.

Dungeon Overview and Level Annotations

Branches:
Dungeon (4/15)
 Temple: D:4-7

Altars:
Nemelex Xobeh
Pakellas
Vehumet
Yredelemnul

Annotations:
D:4 Blork the orc


Innate Abilities, Weirdness & Mutations

You have sharp fingernails.
You are surrounded by a mild repulsion field (EV +2).
A weak demonic guardian rushes to your aid.
You are immune to rotting.
You have sharp toenails.
You tend to lose your temper in combat.
Your body sometimes deteriorates upon taking damage.


Message History

Unknown command.
You closely miss Blork the orc.
Blork the orc hits you with a battleaxe of electrocution.
You are electrocuted!
* * * LOW HITPOINT WARNING * * *
Your body deteriorates!
You feel weakened.
Unknown command.
Drink which item? (? for menu, Esc to quit)
You feel much better. The crimson imp barely misses you.
Blork the orc hits you but does no damage.
You are electrocuted!
You closely miss Blork the orc.
The crimson imp hits you but does no damage.
Blork the orc closely misses you.
The crimson imp hits you but does no damage.
Unknown command.
You barely miss Blork the orc. Your kick misses Blork the orc.
Blork the orc hits you with a battleaxe of electrocution!
You are electrocuted!
You die...

#...##
##..........##
##.#
#...#####..### #.
#...#####....##..#
.
#......##.......#
.
#...........###..#
.#.......### ..
##......# ###....#
#5@..#
.......o...#
......>......#
.............#
.............#
#............#
#.....###.....#
#..... .....#


You could see Blork the orc and a crimson imp.

Vanquished Creatures
  Sigmund (D:3)
  A scorpion (D:2)
  2 orc priests (D:3)
  An orc wizard (D:3)
  Natasha (thrice) (D:3)
  A worker ant (D:3)
  5 adders
  2 oozes (D:1)
  2 worms
  3 dart slugs
  A giant gecko (D:2)
  11 orcs (D:3)
  2 giant cockroaches
  7 goblins
  9 hobgoblins
  4 jackals
  7 kobolds
  A quokka (D:3)
  A ball python (D:1)
  6 bats
  A giant gecko skeleton (D:4)
  5 giant newts (D:2)
  8 rats
84 creatures vanquished.

Vanquished Creatures (collateral kills)
  2 orc priests (D:3)
  4 orcs (D:3)
  A bat (D:3)
  A giant newt (D:3)
  A rat (D:3)
9 creatures vanquished.

Vanquished Creatures (others)
  A plant (D:3)
1 creature vanquished.

Grand Total: 94 creatures vanquished

Notes
Turn   | Place    | Note
--------------------------------------------------------------
     0 | Abyss:1  | Gargoyl the Demonspawn Abyssal Knight began the quest for the Orb.
     0 | Abyss:1  | Reached XP level 1. HP: 18/18 MP: 2/2
    17 | Abyss:2  | Found a corrupted altar of Lugonu.
    27 | Abyss:2  | Noticed a smoke demon
    50 | D:1      | Escaped the Abyss
    92 | D:1      | Reached * piety under Lugonu
    94 | D:1      | Gained mutation: You have sharp fingernails. [demonic ancestry]
    94 | D:1      | Reached XP level 2. HP: 18/24 MP: 3/3
   641 | D:1      | Gained mutation: You are surrounded by a mild repulsion field (EV +2). [demonic ancestry]
   641 | D:1      | Reached XP level 3. HP: 27/29 MP: 5/5
   650 | D:1      | Reached skill level 1 in Dodging
  1957 | D:2      | Reached ** piety under Lugonu
  2517 | D:3      | Found a radiant altar of Vehumet.
  2547 | D:3      | Noticed Sigmund
  2559 | D:3      | Gained mutation: You tend to lose your temper in combat. [potion of mutation]
  2559 | D:3      | Gained mutation: Your body sometimes deteriorates upon taking damage. [potion of mutation]
  2559 | D:3      | Gained mutation: You have sharp toenails. [potion of mutation]
  2561 | D:3      | Killed Sigmund
  2561 | D:3      | Reached skill level 1 in Polearms
  2561 | D:3      | Gained mutation: A weak demonic guardian rushes to your aid. [demonic ancestry]
  2561 | D:3      | Reached XP level 4. HP: 8/37 MP: 6/6
  2561 | D:3      | Gained mutation: You are immune to rotting. [demonic ancestry]
  2561 | D:3      | Reached XP level 5. HP: 9/42 MP: 7/7
  3216 | D:3      | Reached XP level 6. HP: 12/48 MP: 8/8
  3450 | D:3      | Noticed Natasha
  3455 | D:3      | Killed Natasha
  3537 | D:3      | Found a sparkling altar of Nemelex Xobeh.
  3543 | D:3      | Found a basalt altar of Yredelemnul.
  3543 | D:3      | Found an oddly glowing altar of Pakellas.
  3751 | D:3      | Noticed Natasha
  3772 | D:3      | Killed Natasha
  3903 | D:3      | Noticed Natasha
  3915 | D:3      | Killed Natasha
  4183 | D:3      | Reached *** piety under Lugonu
  4185 | D:3      | Reached XP level 7. HP: 34/55 MP: 9/9
  4348 | D:3      | Found a sparkling altar of Nemelex Xobeh.
  4585 | D:4      | Noticed Blork the orc
  4598 | D:4      | Slain by Blork the orc

Skill      XL: |  1  2  3  4  5  6 |
---------------+-------------------+-----
Axes           | 2 |  2.0
Armour         | 2 3 4 |  4.8
Dodging        | 1 2 |  2.4
Fighting       | 4 |  4.5
Polearms       | 1 2 |  2.4
Stealth        | |  0.6
Invocations    | |  2.8

Action                   |  1- 3 |  4- 6 |  7- 9 || total
-------------------------+-------+-------+-------++-------
Melee: Glaive            |   152 |   239 |    30 ||   421
       Kick              |       |    40 |     2 ||    42
Invok: Depart the Abyss  |     1 |       |       ||     1
  Use: Scroll            |     6 |     1 |       ||     7
       Potion            |     2 |     2 |     3 ||     7
 Stab: Distracted        |       |     1 |       ||     1
  Eat: Chunk             |     5 |     2 |     1 ||     8
       Royal jelly       |       |     1 |       ||     1
       Bread ration      |       |     1 |       ||     1
Armor: Leather armour    |     4 |       |       ||     4
       Chain mail        |   130 |    11 |       ||   141
       Plate armour      |       |   283 |    24 ||   307
Dodge: Dodged            |   105 |   163 |    16 ||   284
